[Event "32nd NATO Championship 2022"]
[Site "Tartu"]
[Date "2022.06.30"]
[Round "6.46"]
[White "Jansen, Lyle John"]
[Black "Coulon, Dominic"]
[Result "0-1"]
[ECO "A01"]
[WhiteElo "1470"]
[BlackElo "1701"]
[Annotator "NA RC"]
[PlyCount "60"]
[EventDate "2022.06.27"]
[EventType "swiss"]
[EventCountry "EST"]
[SourceTitle "playchess.com"]
[Source "ChessBase"]
[SourceQuality "1"]
[TimeControl "5400+30"]

1. b3 e6 2. Bb2 f5 3. e3 Nf6 4. d3 Be7 5. Nf3 Nc6 6. Nbd2 O-O 7. Be2 d6 8. e4 fxe4 9. dxe4 h6 10. O-O e5 11. Bc4+ Kh7 12. Re1 Qe8 13. Bd3 Nh5 14. g3 Qg6 15. Kh1 Bg4 16. Be2 Nf6 17. Nh4 Qh5 18. h3 Bxe2 19. Qxe2 Qxe2 20. Rxe2 g6 21. Rd1 Nh5 22. Ndf3 Rf7 23. Bc1 Raf8 24. Rd3 Ng7 25. Kg2 g5 26. Nf5 Nxf5 27. exf5 Rxf5 28. Re4 d5 29. Nxg5+ Bxg5 30. Re2 Bxc1 0-1

[Event "32nd NATO Championship 2022"]
[Site "Tartu"]
[Date "2022.07.01"]
[Round "7.1"]
[White "Stein, Robert"]
[Black "Pavlidis, Anastasios"]
[Result "1/2-1/2"]
[WhiteElo "2365"]
[BlackElo "2296"]
[Annotator "TA"]
[PlyCount "31"]
[EventDate "2022.06.27"]
[EventType "swiss"]
[EventCountry "EST"]
[SourceTitle "playchess.com"]
[Source "ChessBase"]
[SourceQuality "1"]
[TimeControl "5400+30"]

1. d4 d5 2. c4 e6 3. Nf3 h6 4. g3 Nf6 5. Bg2 Bd6 6. O-O {[%emt 0:04:49] D30: Queen's Gambit Declined: Systems without Nc3.} O-O 7. Nc3 Nc6 8. c5 Be7 9. Bf4 g5 {[%emt 0:02:16] [#] Black took control after the opening.  Weighted Error Value: White=0.05 (flawless) /Black=0.00 (flawless)} {Predecessor:} 10. Be3 $146 b6 11. cxb6 axb6 12. a3 Na5 13. Qc2 Bb7 14. Ne5 Nd7 15. Ng6 Re8 16. f4 {0-1 (48) Klemettinen,P (2415)-Rynkevich,S (2398) ICCF email 2013} 1/2-1/2

[Event "32nd NATO Championship 2022"]
[Site "Tartu"]
[Date "2022.07.01"]
[Round "7.2"]
[White "Valeinis, Janis"]
[Black "Papasimakopoulos, Alexandros"]
[Result "0-1"]
[ECO "B13"]
[WhiteElo "2176"]
[BlackElo "2259"]
[Annotator "TA"]
[PlyCount "116"]
[EventDate "2022.06.27"]
[EventType "swiss"]
[EventCountry "EST"]
[SourceTitle "playchess.com"]
[Source "ChessBase"]
[SourceQuality "1"]
[TimeControl "5400+30"]

1. Nf3 g6 2. e4 c6 3. d4 d5 4. exd5 cxd5 5. Bd3 Bg7 6. O-O Bg4 7. c3 {[%emt 0:00:20] B13: Caro-Kann: Exchange Variation and Panov-Botvinnik Attack.} Bxf3 8. Qxf3 Nc6 9. Re1 {[%emt 0:00:17] White is slightly better.} Nf6 10. Nd2 O-O {[%emt 0:00:13] [#]} 11. Nf1 $146 ({Predecessor:} 11. Qe2 e6 12. Nf3 Qc7 13. Bg5 a6 14. Qd2 b5 15. b4 a5 16. Bxf6 Bxf6 17. Bxb5 axb4 18. cxb4 Nxd4 19. Nxd4 Qb6 20. Bc6 Qd8 21. Qd1 {½-½ (22) Mammadov,Z (2302)-Shanava,K (2556) Poti 2010}) 11... Re8 12. Bg5 h6 (12... e5 $5 ) 13. Bh4 e5 14. dxe5 Nxe5 15. Qd1 Qb6 {[%emt 0:01:47] Inhibits Bb5.} 16. Bxf6 Bxf6 17. Re2 d4 {[%emt 0:03:19] Black is more active.} 18. c4 (18. cxd4 $15 {feels stronger.} Nxd3 19. Qxd3) 18... Nxd3 (18... Re7 $17) 19. Qxd3 $15 Rxe2 20. Qxe2 Rd8 21. Rd1 d3 22. Rxd3 Rxd3 23. Qxd3 Qxb2 {[%emt 0:00:20][%mdl 4096] Endgame KQB-KQN} 24. Qd2 Bd4 (24... Qb1 $15) 25. Qxb2 $11 (25. g4 {feels hotter.} Qb6 26. Ng3 Kg7 27. Qe2) 25... Bxb2 {[%emt 0:00:06] KB-KN} 26. Nd2 Kf8 27. Kf1 Ke7 28. Ke2 Kd6 29. Nb3 Be5 30. h3 Bc3 31. a4 Ke5 32. Kd3 Be1 33. Ke2 Bb4 34. f3 h5 35. Kd3 (35. Ke3 $11) 35... Kf4 $17 {[%emt 0:01:56] Strongly threatening ...Kg3.} 36. Ke2 Ke5 37. Kd3 g5 38. Ke3 b6 (38... h4 $17) 39. Kd3 {[%emt 0:12:12] [#]} (39. g3 $11) 39... Kf4 $1 {[%emt 0:00:56] aiming for ...Kg3.} 40. Ke2 a5 41. Kf2 {[%emt 0:00:19] [#]} h4 $1 {[%emt 0:00:59] Prevents g3+.} 42. Ke2 Ba3 43. Nd2 Kg3 44. Kf1 f5 45. Nb3 g4 46. fxg4 fxg4 47. hxg4 Kxg4 48. Na1 $2 (48. Nd4 $17) 48... Kf4 $19 49. Ke2 Ke4 {[%emt 0:00:24] Threatens to win with ...Bb4.} 50. Nc2 Bc1 51. Na1 Ba3 52. Nc2 $1 Be7 {[%emt 0:01:37] ...Bd8 is the strong threat.} 53. Kd2 Bf6 54. Na3 Kd4 55. Kc2 Be7 56. Nb5+ Kxc4 $2 (56... Ke3 57. Nc3 Kf2) 57. Nc3 $2 (57. Na7) 57... Bd8 {[%emt 0:00:22] Hoping for ...Bf6.} 58. Na2 Bf6 {[%emt 0:00:09] Weighted Error Value: White=0.58/Black=0.40} 0-1

[Event "32nd NATO Championship 2022"]
[Site "Tartu"]
[Date "2022.07.01"]
[Round "7.10"]
[White "Cheung, Jan"]
[Black "Onley, David E"]
[Result "0-1"]
[ECO "E92"]
[WhiteElo "1954"]
[BlackElo "2083"]
[Annotator "NA RC"]
[PlyCount "164"]
[EventDate "2022.06.27"]
[EventType "swiss"]
[EventCountry "EST"]
[SourceTitle "playchess.com"]
[Source "ChessBase"]
[SourceQuality "1"]
[TimeControl "5400+30"]

1. d4 Nf6 2. c4 g6 3. Nc3 Bg7 4. e4 d6 5. Nf3 O-O 6. Be2 e5 7. d5 a5 8. Bg5 h6 9. Be3 Na6 10. Nd2 Nc5 11. g4 Ne8 12. h4 f5 (12... a4 $16) 13. gxf5 gxf5 14. f3 f4 15. Bf2 $1 Nf6 16. Qc2 (16. Nb3 $14) 16... Nh5 17. O-O-O Bd7 18. Rdg1 Kh7 19. Kb1 Bf6 20. Nb3 Nxb3 21. Qxb3 b6 22. Qd1 Qe7 23. Qe1 Rae8 24. Nb5 Qd8 25. b3 Rg8 26. a3 Rxg1 27. Rxg1 Rg8 28. Rxg8 Kxg8 29. Bf1 Kh7 30. Kb2 Ng3 31. Bxg3 fxg3 32. Qxg3 Bxh4 33. Qh2 $1 Bg5 34. Bh3 Bf4 35. Qg2 Bg5 36. Kc2 Qc8 37. Bg4 Kg6 38. Kd3 h5 39. Bxd7 Qxd7 40. b4 axb4 41. axb4 h4 42. Nc3 h3 43. Qg1 Kf6 44. Ne2 Qa4 45. Qg3 Qa2 46. f4 exf4 47. Qxh3 Qb1+ 48. Kc3 (48. Kd4 $11) 48... Qxe4 49. Qh8+ Kf7 50. Qh5+ ({Don't go for} 50. Nd4 $2 Bf6 51. Qh5+ Ke7 $19) 50... Qg6 51. Qxg6+ Kxg6 52. Ng1 Kf5 53. Kd3 Bh4 54. Nf3 Bf2 55. Ke2 Be3 56. Kd3 Kg4 57. Ke4 Kg3 58. Ng5 Kf2 59. b5 Ke2 60. Nf3 Kf1 61. Kd3 Kg2 62. Ke4 Kg3 63. Ng5 Bc5 64. Nf3 Kg4 65. Nh2+ Kg3 66. Nf3 Be3 ({Better is} 66... Bf2 $17) 67. Ng5 Kf2 68. Nf3 Ke2 69. Ng5 Kd2 70. Ne6 Kc3 71. c5 $2 (71. Nxc7 $11 Kxc4 72. Ne8) 71... bxc5 72. Nxc7 c4 73. b6 Bxb6 74. Nb5+ Kb4 75. Nxd6 Bc7 76. Nf5 c3 77. Kd3 Kb3 78. Nd4+ Kb2 79. Nc2 f3 80. Ne3 Kb3 81. Ke4 f2 82. Kf3 c2 0-1

[Event "32nd NATO Championship 2022"]
[Site "Tartu"]
[Date "2022.07.01"]
[Round "7.18"]
[White "Cirkvencic, Franci"]
[Black "Wagenaar, Harm Theo"]
[Result "1/2-1/2"]
[ECO "A17"]
[WhiteElo "2000"]
[BlackElo "1893"]
[Annotator "RC"]
[PlyCount "25"]
[EventDate "2022.06.27"]
[EventType "swiss"]
[EventCountry "EST"]
[SourceTitle "playchess.com"]
[Source "ChessBase"]
[SourceQuality "1"]
[TimeControl "5400+30"]

1. d4 d5 2. Nf3 Nf6 3. g3 Bf5 4. Bg2 e6 5. O-O Be7 6. c4 c6 7. cxd5 exd5 8. Nc3 h6 9. Bf4 Nbd7 10. Ne5 O-O 11. h3 Nxe5 12. Bxe5 Bd6 13. Bxd6 1/2-1/2

[Event "32nd NATO Championship 2022"]
[Site "Tartu"]
[Date "2022.07.01"]
[Round "7.19"]
[White "Pedersen, Finn"]
[Black "Tammisto, Janek"]
[Result "1-0"]
[ECO "B06"]
[WhiteElo "2300"]
[BlackElo "1881"]
[Annotator "TA"]
[PlyCount "145"]
[EventDate "2022.06.27"]
[EventType "swiss"]
[EventCountry "EST"]
[SourceTitle "playchess.com"]
[Source "ChessBase"]
[SourceQuality "1"]
[TimeControl "5400+30"]

1. e4 g6 2. d4 Bg7 3. Nc3 d6 4. Be3 b6 5. Qd2 Bb7 6. O-O-O {[%emt 0:00:56] White is more active. B06: Modern Defence.} Nd7 7. f3 c5 8. Nge2 {[%emt 0:01:16] White is slightly better.} a6 9. g4 {[%emt 0:01:22] [#]} b5 $146 ({Predecessor:} 9... h6 10. h4 b5 11. Ng3 Qc7 12. Nce2 O-O-O 13. h5 g5 14. Nf5 Bf8 15. Kb1 e6 {0-1 (58) Tan,T (1700)-Lee,S Chiangmai 2013}) 10. dxc5 Nxc5 11. Bd4 $36 {[%emt 0:01:56][%mdl 2048] White is in control.} Ne6 ({Black should play} 11... Nf6) 12. Bxg7 $16 Nxg7 13. Qd4 (13. h4 $16) 13... e5 (13... Nf6 $14) 14. Qxd6 Qxd6 15. Rxd6 Rd8 {[%emt 0:02:32] [#]} (15... Ne7 $16) 16. Rb6 $1 $18 Rd7 (16... Bc8 $142 17. f4 exf4) 17. a4 Ne7 (17... bxa4 {was called for.} 18. Nxa4 Ne6) 18. axb5 Nc8 {[%emt 0:00:42] [#]} 19. Rxb7 Rxb7 20. bxa6 Ra7 21. Nb5 Rd7 22. Nec3 Ne6 23. Nd5 {[%emt 0:00:27] Prevents Nb6.} Kd8 24. b4 Nd4 25. Nxd4 exd4 26. Bb5 Rd6 27. Rd1 Nb6 28. a7 Na8 29. Rxd4 Kc8 30. e5 Re6 31. f4 Kb7 32. Bd7 Ra6 (32... Rd8 $142 33. Bxe6 fxe6) 33. f5 Rxa7 34. e6 fxe6 35. fxe6 Ra1+ 36. Kb2 Re1 37. e7 {[%emt 0:00:24] Threatens to win with b5.} Nc7 (37... Nb6 $142 38. e8=Q Rexe8) 38. Nxc7 Kxc7 39. e8=Q Rhxe8 40. Bxe8 Rxe8 {[%emt 0:00:05][%mdl 4096] Endgame KR-KR} 41. h4 h6 42. Rf4 g5 (42... Re2 $142 43. Rf6 Re4 44. Rxg6 Rxb4+ 45. Kc3 Re4) 43. hxg5 hxg5 44. Rc4+ Kb6 45. Kb3 Re3+ 46. c3 Rg3 47. Re4 Kc6 48. Kc4 Kd6 49. Rd4+ Kc6 50. b5+ Kb6 51. Kb4 Rg1 52. c4 {[%emt 0:01:09] Rd6+ would kill now.} Rb1+ 53. Kc3 {[%emt 0:00:08] Strongly threatening Rd6+.} Rg1 54. Re4 (54. Rd6+ $142 Kb7 55. Rg6 Rg3+ 56. Kd4 Rh3 57. Rxg5 Kb6 58. Rg6+ Kb7 59. Kc5) 54... Rg2 55. Kd4 (55. Re6+ $142 Kc7 56. c5) 55... Rd2+ 56. Ke5 Rf2 57. Kd4 (57. Kd6 $142 Rc2 58. Ke7) 57... Rd2+ {[%emt 0:00:14] [#]} 58. Ke3 $1 Rc2 59. Re6+ Kc7 60. Rc6+ (60. Rg6 $142 Kb7 61. Kd4) 60... Kb7 61. Rc5 Kb6 62. Kd3 Rc1 63. Rxg5 {[%emt 0:00:12] Rg6+ is the strong threat.} Rg1 64. Rg6+ Kc7 65. Kd4 {[%emt 0:00:15] White mates.} Rd1+ 66. Kc5 Rd7 67. b6+ Kb7 68. Kb5 Rd1 69. Rg7+ Kc8 70. c5 Rb1+ 71. Kc6 Kd8 72. b7 Rb2 73. b8=Q+ {[%emt 0:00:53] Weighted Error Value: White=0.17 (very precise) /Black=0.39} (73. g5 $142 Ke8 74. g6 Kf8 75. Rf7+ Kg8 76. Kc7 Rb5 77. b8=Q+ Rxb8 78. Kxb8 Kh8 79. c6 Kg8 80. c7 Kh8 81. c8=Q#) 1-0

[Event "32nd NATO Championship 2022"]
[Site "Tartu"]
[Date "2022.07.01"]
[Round "7.29"]
[White "Simard, Francois"]
[Black "Giedraitis, Mingaudas"]
[Result "0-1"]
[ECO "D13"]
[WhiteElo "1757"]
[BlackElo "1846"]
[Annotator "NA RC"]
[PlyCount "95"]
[EventDate "2022.06.27"]
[EventType "swiss"]
[EventCountry "EST"]
[SourceTitle "playchess.com"]
[Source "ChessBase"]
[SourceQuality "1"]
[TimeControl "5400+30"]

1. d4 d5 2. c4 c6 3. cxd5 cxd5 4. Nc3 Nc6 5. Nf3 Nf6 6. Bg5 e6 7. e3 Be7 8. Rc1 O-O 9. Bd3 Nh5 10. Bxe7 Qxe7 11. O-O g6 12. a3 Qd6 13. Qc2 Rd8 14. Na4 Nf6 15. Nc5 e5 16. dxe5 Nxe5 17. Be2 b6 18. Nb3 Nxf3+ 19. Bxf3 Ba6 20. Rfd1 Rac8 21. Qb1 Bb7 22. Nd4 Qe7 23. Rxc8 Rxc8 24. Rc1 Rc5 25. Rc2 Ne4 26. Qc1 Kg7 27. b4 Rxc2 28. Qxc2 Qd7 29. Bd1 Ba6 30. Qc6 Bc8 31. Bb3 Nf6 32. Ba4 Qxc6 33. Bxc6 a6 34. Ne2 Kf8 35. Nc3 Be6 36. Na4 Bd7 37. Bxd7 Nxd7 38. Kf1 Ke7 39. Ke2 b5 40. Nb2 Ne5 41. Nd3 Nc4 $11 42. Nc5 a5 43. bxa5 Nxa5 44. Kd3 Kd6 45. Kd4 Nc6+ 46. Kd3 Ke5 47. Na4 Kd6 48. Nb6 0-1

[Event "32nd NATO Championship 2022"]
[Site "Tartu"]
[Date "2022.07.01"]
[Round "7.43"]
[White "Steffers, Hendrik"]
[Black "Echavarria Hidalgo, Fernando"]
[Result "1/2-1/2"]
[ECO "D05"]
[WhiteElo "1856"]
[BlackElo "1749"]
[Annotator "NA RC"]
[PlyCount "165"]
[EventDate "2022.06.27"]
[EventType "swiss"]
[EventCountry "EST"]
[SourceTitle "playchess.com"]
[Source "ChessBase"]
[SourceQuality "1"]
[TimeControl "5400+30"]

1. d4 Nf6 2. Nf3 e6 3. e3 c5 4. Bd3 Nc6 5. c3 cxd4 6. exd4 Be7 7. O-O O-O 8. Nbd2 d5 9. Re1 Qc7 10. Ne5 Nxe5 11. dxe5 Nd7 $1 12. f4 (12. Nf3 $14) 12... Nc5 13. Bc2 g6 14. Nf3 f5 {[%emt 0:03:20] [#]} (14... b5 $11) 15. exf6 $1 Bxf6 16. Ne5 (16. Be3 $16) 16... Qg7 (16... Nd7 $14) 17. Ng4 Bh4 (17... b6 $142) 18. g3 Be7 19. Be3 Nd7 20. Bf2 ({Don't do} 20. Bd4 Bc5 21. Bb3 (21. Rxe6 Bxd4+ 22. cxd4 Nb6 $14) 21... Bxd4+ 22. Qxd4 (22. cxd4 Nf6 $14) 22... Qxd4+ 23. cxd4 Nf6 $16) 20... h5 $2 (20... Nf6 $16) 21. Bd4 Bc5 22. Bxc5 ({Don't do} 22. Rxe6 Bxd4+ 23. cxd4 (23. Qxd4 Qxd4+ 24. cxd4 hxg4 $15) 23... Nf6 $18) 22... Nxc5 23. Ne5 Rf6 24. Qd4 b6 25. Re3 Nb7 26. Qd3 (26. c4 $142) 26... Nc5 27. Qd4 Nb7 $1 28. Rae1 Nd6 29. b3 Nf5 30. Bxf5 Rxf5 31. Nf3 Bd7 32. Qxg7+ Kxg7 33. Nd4 Rf7 34. Nxe6+ Bxe6 35. Rxe6 Rc8 36. R1e3 Kh6 37. Rd6 Rfc7 38. Rxd5 Rxc3 39. Rxc3 Rxc3 40. Rd2 Rc1+ 41. Kf2 Rc5 42. Ke3 Rc7 43. Ke4 Kg7 44. Rg2 Kf6 45. h3 Rc5 46. g4 Ra5 (46... Rc3 $16 {was worth a try.}) 47. Rc2 hxg4 48. hxg4 Kg7 49. Rf2 Rc5 50. Kd4 Kf6 51. a3 Ke6 52. b4 Rc7 53. Re2+ Kd6 54. Re3 Rf7 55. Rf3 Rc7 56. a4 a6 57. Re3 Rf7 58. Re4 Rc7 59. Re8 Rf7 60. Ke4 Rc7 61. Kd3 Rf7 62. Ke3 Kd7 63. Ra8 Kc6 64. Rg8 Re7+ 65. Kf3 Re6 66. f5 gxf5 67. gxf5 Re1 68. Rg6+ Kc7 69. f6 $2 (69. Kf4 $18) 69... Rf1+ 70. Ke4 Re1+ $2 (70... Kd6 $11) 71. Kd4 Rd1+ 72. Ke5 Re1+ 73. Kd5 Rd1+ 74. Ke6 Re1+ 75. Kd5 Rd1+ 76. Kc4 Rf1 77. Rg7+ Kd6 78. f7 Rf4+ 79. Kc3 Ke7 80. Rg6 a5 81. bxa5 ({Don't do} 81. Rxb6 Kxf7 82. bxa5 Rxa4 $11) 81... bxa5 82. Kb3 Rxf7 83. Ra6 $11 1/2-1/2

[Event "32nd NATO Championship 2022"]
[Site "Tartu"]
[Date "2022.07.01"]
[Round "7.46"]
[White "Korge, Kersti"]
[Black "Jansen, Lyle John"]
[Result "1-0"]
[ECO "A00"]
[WhiteElo "1864"]
[BlackElo "1470"]
[Annotator "NA RC"]
[PlyCount "67"]
[EventDate "2022.06.27"]
[EventType "swiss"]
[EventCountry "EST"]
[SourceTitle "playchess.com"]
[Source "ChessBase"]
[SourceQuality "1"]
[TimeControl "5400+30"]

1. b4 g6 2. Bb2 d6 3. Bxh8 f6 4. e3 Bf5 5. c4 Nc6 6. Qa4 Qd7 7. d4 b6 8. Nc3 Nd8 9. Qxd7+ Bxd7 10. Nd5 Rc8 11. Bxf6 exf6 12. Bd3 Nc6 13. Ne2 Nce7 14. Nec3 a6 15. a4 Nxd5 16. Nxd5 Ne7 17. Nxf6+ Kd8 18. Nxh7 Bg7 19. Ng5 c5 20. b5 cxd4 21. e4 a5 22. f4 Kc7 23. O-O Rh8 24. Rae1 Rh5 25. h3 Bh6 26. Nf7 Bg7 27. Rf3 Be8 28. Ng5 Bf6 29. g4 Rh4 30. Ne6+ Kd7 31. Nf8+ Kd8 32. e5 dxe5 33. fxe5 Bg7 $18 34. Ne6+ 1-0